Workbook
Name Lebanon_County: #REF!
Name Lebanon_County: #REF!

Sheet Instructions and Contact Info
A1: Instructions for New Project Budget Form: In this spreadsheet, please complete the following tabs based on which categories apply to your proposed project: Instructions and Contact Info, Leasing OR Rental Assistance OR Operations (whichever apply to your project), Supportive Services, Admin & Match, & VAWA. Please input information in all blue boxes (or leave blank if not applicable). Your total proposed budget will automatically calculate on the Proposed Budget Tab based on the amounts entered in each tab. Please review the HUD CoC Virtual Binders for more information on eligible costs: https://www.hudexchange.info/homelessness-assistance/coc-esg-virtual-binders/coc-eligible-activities/coc-eligible-activities-overview or the Continuum of Care regulations at 24 CFR Part 578, Subpart D – Program Components & Eligible Costs.
A4: Please provide your organization's contact information below:
A5: Organization Name:
A6: Contact Person:
A7: Contact Person Telephone:
A8: Contact Person Email:

Sheet Leasing
A1: Housing Costs - LEASING BUDGET: | H1: Rental Assistance
A2: Leasing dollars can be used to lease a single structure unit or to rent scattered site units, or both. Please complete the appropriate budget based on the structure of the proposed project. Note: Leasing is when an agency rents units directly from a landlord and subleases to the participants. RRH projects cannot requst Leasing Funds (only Rental Assistance).
A4: LEASING SINGLE STRUCTURE (esnaps 6D) - if leasing a single structure, complete the two blue fields below.
A6: Requested Leasing Single Structure Budget (dollar amount) :
A8: Description of requested costs
A10: LEASING OF UNITS (USING FAIR MARKET RENTS) – If using Fair Market Rents, complete the below chart for each County included in this project. (esnaps 6C or 6E)
A12: Annual rental assistance costs (12 months) based on 2026 Fair Market Rents (FMR). Click here to find the 2026 FMR for your area. | C12: Click here to find the 2026 FMR for your area.
A15: TOTAL NUMBER OF UNITS
A16: Enter the number of units into the spaces below. Totals will be calculated automatically.
B17: Efficiency | C17: 1 Bedroom | D17: 2 Bedrooms | E17: 3 Bedrooms | F17: 4 Bedrooms | G17: TOTAL
A18: TOTAL | B18: =SUM(B19:B25) -> 0 | C18: =SUM(C19:C25) -> 0 | D18: =SUM(D19:D25) -> 0 | E18: =SUM(E19:E25) -> 0 | F18: =SUM(F19:F25) -> 0 | G18: =SUM(G19:G25) -> 0
A19: Enter County | G19: =SUM(B19:F19) -> 0
A20: Enter County | G20: =SUM(B20:F20) -> 0
A21: Enter County | G21: =SUM(B21:F21) -> 0
A22: Enter County | G22: =SUM(B22:F22) -> 0
A23: Enter County | G23: =SUM(B23:F23) -> 0
A24: Enter County | G24: =SUM(B24:F24) -> 0
A25: Enter County | G25: =SUM(B25:F25) -> 0
A27: TOTAL LEASING COSTS (FMR) Totals will be calculated automatically.
B28: Annual Leasing Cost | C28: Annual Leasing Cost | D28: Annual Leasing Cost | E28: Annual Leasing Cost | F28: Annual Leasing Cost | G28: Annual Leasing Cost
B29: Efficiency | C29: 1 Bedroom | D29: 2 Bedrooms | E29: 3 Bedrooms | F29: 4 Bedrooms | G29: TOTAL
A30: TOTAL | B30: =SUM(B31:B37) -> 0 | C30: =SUM(C31:C37) -> 0 | D30: =SUM(D31:D37) -> 0 | E30: =SUM(E31:E37) -> 0 | F30: =SUM(F31:F37) -> 0 | G30: =SUM(G31:G37) -> 0
A31: Enter County and FMR amount for each bedroom size in project | B31: Multiply the number of units by the FMR for the County | G31: =SUM(B31:F31) -> 0
A32: Enter County and FMR amount for each bedroom size in project | G32: =SUM(B32:F32) -> 0
A33: Enter County and FMR amount for each bedroom size in project | G33: =SUM(B33:F33) -> 0
A34: Enter County and FMR amount for each bedroom size in project | G34: =SUM(B34:F34) -> 0
A35: Enter County and FMR amount for each bedroom size in project | G35: =SUM(B35:F35) -> 0
A36: Enter County and FMR amount for each bedroom size in project | G36: =SUM(B36:F36) -> 0
A37: Enter County and FMR amount for each bedroom size in project | G37: =SUM(B37:F37) -> 0

Sheet Rental Assistance
A1: Housing Costs - RENTAL ASSISTANCE BUDGET: | H1: Rental Assistance
A3: RENTAL ASSISTANCE (USING FAIR MARKET RENTS) – If using Fair Market Rents, complete the below chart for each County included in this project. (esnaps 6C or 6E) NOTE: Rental Assistance is when Participant enters into a lease directly with the landlord. Rental Assistance cannot be combined with Operating Costs (except in a TH-RRH project).
A5: Annual rental assistance costs (12 months) based on 2026 Fair Market Rents (FMR). Click here to find the 2026 FMR for your area. | C5: Click here to find the 2026 FMR for your area.
A8: TOTAL NUMBER OF UNITS
A9: Enter the number of units into the spaces below. Totals will be calculated automatically.
B10: Efficiency | C10: 1 Bedroom | D10: 2 Bedrooms | E10: 3 Bedrooms | F10: 4 Bedrooms | G10: TOTAL
A11: TOTAL (will automatically calculate) | B11: =SUM(B12:B19) -> 0 | C11: =SUM(C12:C19) -> 0 | D11: =SUM(D12:D19) -> 0 | E11: =SUM(E12:E19) -> 0 | F11: =SUM(F12:F19) -> 0 | G11: =SUM(G12:G18) -> 0
A12: Enter County | G12: =SUM(B12:F12) -> 0
A13: Enter County | G13: =SUM(B13:F13) -> 0
A14: Enter County | G14: =SUM(B14:F14) -> 0
A15: Enter County | G15: =SUM(B15:F15) -> 0
A16: Enter County | G16: =SUM(B16:F16) -> 0
A17: Enter County | G17: =SUM(B17:F17) -> 0
A18: Enter County | G18: =SUM(B18:F18) -> 0
A20: TOTAL RENTAL ASSISTANCE COSTS Totals will be calculated automatically.
A21: County | B21: Annual RA Cost | C21: Annual RA Cost | D21: Annual RA Cost | E21: Annual RA Cost | F21: Annual RA Cost | G21: Annual RA Cost
B22: Efficiency | C22: 1 Bedroom | D22: 2 Bedrooms | E22: 3 Bedrooms | F22: 4 Bedrooms | G22: TOTAL
A23: TOTAL | B23: =SUM(B24:B30) -> 0 | C23: =SUM(C24:C30) -> 0 | D23: =SUM(D24:D30) -> 0 | E23: =SUM(E24:E30) -> 0 | F23: =SUM(F24:F30) -> 0 | G23: =SUM(G24:G30) -> 0
A24: Enter County and FMR amount for each bedroom size in project | B24: Multiply the number of units by the FMR for the County | G24: =SUM(B24:F24) -> 0
A25: Enter County and FMR amount for each bedroom size in project | G25: =SUM(B25:F25) -> 0
A26: Enter County and FMR amount for each bedroom size in project | G26: =SUM(B26:F26) -> 0
A27: Enter County and FMR amount for each bedroom size in project | G27: =SUM(B27:F27) -> 0
A28: Enter County and FMR amount for each bedroom size in project | G28: =SUM(B28:F28) -> 0
A29: Enter County and FMR amount for each bedroom size in project | G29: =SUM(B29:F29) -> 0
A30: Enter County and FMR amount for each bedroom size in project | G30: =SUM(B30:F30) -> 0

Sheet Operating Costs
A1: Housing Costs - OPERATING COSTS BUDGET: | F1: Rental Assistance
A3: OPERATING COSTS - If operating costs will be included in your budget, complete the below chart: (esnaps 6G) NOTE: PSH Rental Assistance projects cannot request Operating funds. RRH projects cannot request Operating Funds (only Rental Assistance).
A5: PROGRAM COMPONENT | B5: REQUESTED BUDGET | C5: DESCRIPTION OF USE
A6: Maintenance and repair | B6: $
A7: Property taxes and insurance | B7: $
A8: Reserves for replacement of major systems | B8: $
A9: Building security | B9: $
A10: Electric, gas and water | B10: $
A11: Furniture | B11: $
A12: Equipment | B12: $
A13: TOTAL OPERATING BUDGET (will automatically calculate) | B13: =SUM(B6:B12) -> 0

Sheet Supportive Services
A1: NOTES REGARDING SUPPORTIVE SERVICES:
A2: -- Supportive services below should match selections in new project preliminary application. -- The Description of Use field must provide a complete picture of how CoC Program funds will be used in the project to assist program participants. Enter the quantity (i.e., numbers) and descriptive information for each activity for which you are requesting funds (e.g., if requesting staffing enter position title–1 FTE @ $45,000 including fringe benefits of $X or 50 hours @ $25 per hour including fringe benefits of $X). Additionally, include any direct provision costs (24 CFR 578.53(e)(17)) for each line item (e.g., monthly use of cell phone to contact program participants @ $X per month).
A4: SUPPORTIVE SERVICES COSTS- (esnaps 6F)
A7: PROGRAM COMPONENT | B7: REQUESTED BUDGET | C7: DESCRIPTION OF USE (DETAILED)
A8: Annual Assessment of Service Needs | B8: $
A9: Assistance with moving costs | B9: $
A10: Case management | B10: $
A11: Housing search and counseling services | B11: $
A12: Outreach services | B12: $
A13: Transportation | B13: $
A14: Utility deposits | B14: $
A15: Child care | B15: $
A16: Education services | B16: $
A17: Employment assistance and job training | B17: $
A18: Food | B18: $
A19: Legal services | B19: $
... A24: Operating Costs | B24: $
A25: Supportive Services Total (will automatically calculate) | B25: =SUM(B8:B24) -> 0

Sheet Admin & Match
A1: ADMINISTRATIVE COSTS (esnaps 6J)
A3: Admin Requested Budget (dollar amount): (cannot exceed 10% of total grant) | H3: 0
A6: MATCH (esnaps 6I)
A7: A match of 25% is required for all funds (minus leasing). Match can be in-kind or cash. Please indicate your anticipated source(s) of match and whether the source is cash or in-kind:

Sheet VAWA
A1: VAWA Cost Budget Line Item
A2: If you are interested in requesting VAWA costs as part of your budget, please complete the charts below.
A3: Is your organization a Victim Services Provider? (Yes or No)
A5: PROGRAM COMPONENT | B5: REQUESTED BUDGET | C5: DESCRIPTION OF USE
A6: Assistance with moving costs (Reasonable moving costs to move survivors for an emergency transfer.) | B6: $
A7: Assistance with travel costs (Reasonable travel costs for survivors and their families to travel for an emergency transfer.) | B7: $
A8: Security Deposits (Grant funds can be used to pay for security deposits of the safe units the survivor is transferring to via an emergency transfer.) | B8: $
A9: Utilities (Grant funds can be used to pay for costs of establishing utility assistance in the safe unit the survivor is transferring to.) | B9: $
A10: Housing Fees (Fees associated with getting survivor into a safe unit via emergency transfer, includes but not limited to application fees, broker fees, holding fees, trash fees, pet fees where the person believes they need their pet to be safe, etc.) | B10: $
A11: Case management (Grant funds can be used to pay staff time necessary to assess, coordinate and implement emergency transfers.) | B11: $
A12: Housing navigation (Grant funds can be used to pay staff time necessary to identify safe units and facilitate moves into housing for survivors through emergency transfers.) | B12: $
A13: Technology to make an available unit safe (Grant funds can be used to pay for technology that the individual believes is needed to make the unit safe, including but not limited to doorbell cameras, security systems, phone and internet service when necessary to support security systems for the unit, etc.) | B13: $
A14: VAWA Emergency Transfer Facilitation Subtotal (will automatically calculate) | B14: =SUM(B6:B13) -> 0
A17: PROGRAM COMPONENT | B17: REQUESTED BUDGET | C17: DESCRIPTION OF USE
A18: Monitoring and evaluating compliance with VAWA confidentiality requirements | B18: $
A19: Developing and implementing strategies for corrective actions and remedies. | B19: $
A20: Program evaluation of confidentiality policies, practices and procedures. | B20: $
A21: Training on compliance with VAWA confidentiality requirements. | B21: $
A22: Reporting to Collaborative Applicant, HUD and other interested parties on compliance with VAWA confidentiality requirements | B22: $
A23: Costs for establishing methodology to protect survivor information. | B23: $
A24: Staff time associated with maintaining adherence to confidentiality requirements | B24: $
A25: VAWA Confidentiality Requirements Monitoring Compliance Subtotal (will automatically calculate) | B25: =SUM(B18:B24) -> 0
A27: VAWA COSTS TOTAL: | B27: =B25+B14 -> 0
A30: Please describe the need/justification for requesting these funds. If you are NOT a Victim Services Provider, please also describe your expertise in VAWA requirements.

Sheet Proposed Budget
A1: NOTE: All information on this tab will automatically fill based on information provided on other tabs in this budget worksheet.
A4: Organization Name: | B4: ='Instructions and Contact Info'!B5 -> 0
A5: Contact Person: | B5: ='Instructions and Contact Info'!B6 -> 0
A6: Contact Person Telephone: | B6: ='Instructions and Contact Info'!B7 -> 0
A7: Contact Person Email: | B7: ='Instructions and Contact Info'!B8 -> 0
A9: Proposed New Project Budget, excluding Match. Amounts in the chart below will automatically fill based on amounts provided on other tabs in this budget worksheet. If you need to make a change you must correct it on the corresponding tabs.
A12: Eligible Costs | B12: Total Assistance Requested for Grant Term (Applicant)
A13: Leased Structure | B13: =Leasing!B6 -> 0
A14: Leased Units (FMR) | B14: =Leasing!G30 -> 0
A15: Rental Assistance | B15: ='Rental Assistance'!G23 -> 0
A16: Operating Costs | B16: ='Operating Costs'!B13 -> 0
A17: Supportive Services | B17: ='Supportive Services'!B25 -> 0
A18: VAWA | B18: =VAWA!B27 -> 0
A19: Sub-total Costs Requested (will automatically calculate) | B19: =SUM(B13:B18) -> 0
A20: Admin (up to 10% of subtotal) | B20: ='Admin & Match'!H3 -> 0
A21: Total Assistance plus Admin (will automatically calculate) | B21: =B19+B20 -> 0
